Checkers vs Americans

Created - Tuesday, October 20, 2015 at 01:21

Goals
1 2 3 OT1 SO T
Checkers 0 1 0 0 0 1
Americans 1 0 0 0 1 2
Shots
1 2 3 OT1 SO T
Checkers 4 15 11 2 3 32
Americans 14 10 3 2 2 29

1st period

1. Americans , Grant Clitsome 1 (Nick Cousins, Tim Jackman) at 17:28

Penalties :
Willie Coetzee (CHA) for Holding (Minor) at 6:13, Petteri Lindbohm (CHA) for Hooking (Minor) at 9:45

2nd period

2. Checkers , Jason Chimera 3 (Michael Bournival) at 4:14

Penalties :
Patrick Bordeleau (RCH) for Fighting (Major) at 3:01, Brandon Mashinter (CHA) for Fighting (Major) at 3:01

3rd period

No Goal

Penalties :
Jim O'Brien (CHA) for Roughing (Minor) at 1:06, Peter Harrold (CHA) for Hooking (Minor) at 7:26

Overtime #1

No Goal

Penalties :
No Penalty

Shootout

Penalty Shot by Jim O'Brien for Checkers - Stopped by Jason LaBarbera
Penalty Shot by Nick Cousins for Americans - Goal!
Penalty Shot by Andrew Gordon for Checkers - Stopped by Jason LaBarbera
Penalty Shot by Tim Jackman for Americans - Stopped by Drew MacIntyre
Penalty Shot by Jason Chimera for Checkers - Stopped by Jason LaBarbera

Penalties :
No Penalty

Goalie Stats

Drew MacIntyre (CHA), 28 saves from 29 shots - (0.966), OTL, 5-1-1, 65:00 minutes
Jason LaBarbera (RCH), 31 saves from 32 shots - (0.969), W, 1-0-0, 65:00 minutes

Players Stats for Checkers

Player Name              G  A  P  +/- PIM S  H  SB GA TA FO     MP     PP MP  PK MP  
------------------------------------------------------------------------------------
Aaron Ness               0  0  0   1  0   1  2  1  1  0  0/0    22:04   0:00   0:43 
Adam Cracknell           0  0  0   1  0   1  2  0  0  0  0/0    14:03   0:00   0:00 
Andrew Gordon            0  0  0  -1  0   2  3  0  0  1  0/0    12:48   0:00   0:00 
Benjamin Dieude-Fauvel   0  0  0   0  0   0  0  1  0  2  0/0     4:35   0:00   2:44 
Blake Parlett            0  0  0   1  0   2  3  2  0  1  0/0    22:14   0:00   1:14 
Brandon Mashinter        0  0  0  -1  5   3  2  0  5  3  0/0    15:41   0:00   3:56 
Darian Dziurzynski       0  0  0   0  0   2  4  0  2  2  0/1    16:06   0:00   3:59 
Jason Chimera            1  0  1   1  0   2  1  0  1  0  1/1    16:16   0:00   0:00 
Jim O'Brien              0  0  0   0  2   3  4  0  5  0  5/7    17:44   0:00   0:00 
Julien Brouillette       0  0  0   0  0   0  3  2  1  0  0/0    23:22   0:00   5:30 
Mark Zengerle            0  0  0  -1  0   3  0  0  0  0  4/15   17:02   0:00   3:56 
Michael Bournival        0  1  1   1  0   3  0  0  3  1  1/12   15:23   0:00   0:00 
Peter Harrold            0  0  0  -1  2   4  0  1  2  0  0/0    29:41   0:00   1:54 
Petteri Lindbohm         0  0  0  -1  2   0  3  1  2  0  0/0    27:35   0:00   3:45 
Sean Backman             0  0  0   0  0   3  1  0  0  0  0/1    13:55   0:00   0:00 
Tomas Vincour            0  0  0   0  0   1  2  0  0  0  0/1    16:19   0:00   0:00 
Wacey Hamilton           0  0  0   0  0   2  0  1  2  0  4/9    16:06   0:00   3:59 
Willie Coetzee           0  0  0   0  2   0  0  0  2  0  0/0    10:56   0:00   0:00 

Players Stats for Americans

Player Name              G  A  P  +/- PIM S  H  SB GA TA FO     MP     PP MP  PK MP  
------------------------------------------------------------------------------------
Chris Breen              0  0  0   0  0   2  1  5  0  2  0/0    22:09   3:51   0:00 
Dany Heatley             0  0  0   1  0   4  2  1  2  0  2/2    19:56   4:09   0:00 
Dylan DeMelo             0  0  0   0  0   2  0  1  0  0  0/0    22:09   3:51   0:00 
Garrett Noonan           0  0  0   0  0   0  0  2  0  0  0/0    16:08   0:00   0:00 
Grant Clitsome           1  0  1   0  0   2  0  0  1  1  0/0    27:09   4:04   0:00 
Jake Chelios             0  0  0   0  0   0  1  2  0  1  0/0    15:40   0:00   0:00 
Jerome Samson            0  0  0   0  0   1  2  1  1  0  2/3    18:21   0:32   0:00 
Justin Hodgman           0  0  0   0  0   0  2  0  1  0  2/4    16:08   0:21   0:00 
Nate Schmidt             0  0  0   0  0   3  0  1  0  4  0/0    27:09   4:04   0:00 
Nick Cousins             0  1  1   0  0   4  1  1  5  0  13/17  25:26   3:32   0:00 
Nick Drazenovic          0  0  0   0  0   0  1  0  2  0  2/3     5:28   1:58   0:00 
Nick Sorkin              0  0  0   0  0   1  1  0  0  1  0/0    13:40   0:00   0:00 
Patrick Bordeleau        0  0  0   0  5   2  3  2  1  0  0/0    16:49   3:46   0:00 
Petri Kontiola           0  0  0  -1  0   0  0  0  0  0  3/3     9:27   0:00   0:00 
Ruslan Fedotenko         0  0  0  -1  0   0  1  1  0  1  0/0     8:32   0:00   0:00 
Spencer Abbott           0  0  0   0  0   0  0  0  1  0  0/2    19:09   3:46   0:00 
Tim Jackman              0  1  1   1  0   8  2  0  4  0  1/2    21:22   4:09   0:00 
Trevor Gillies           0  0  0   0  0   0  3  0  0  0  7/11   15:07   1:32   0:00 

3 Stars

1 - Jason LaBarbera (RCH)
2 - Drew MacIntyre (CHA)
3 - Jason Chimera (CHA)

Power Play

Checkers - 0 on 0 Attempt(s) - 0.00%
Americans - 0 on 4 Attempt(s) - 0.00%

Penalty Kill

Checkers - 4 on 4 Attempt(s) - 100.00% - Score 0 goal in Penalty Kill
Americans - 0 on 0 Attempt(s) - 0.00% - Score 0 goal in Penalty Kill

Team Stat

Checkers - Hits : 30 - Faceoff Wins : 15 - Blocked Shots : 9 - Penalty Minutes : 13
Americans - Hits : 20 - Faceoff Wins : 32 - Blocked Shots : 17 - Penalty Minutes : 5

Official

Referees : Unknown
Linesman : Unknown

Game Notes

Benjamin Dieude-Fauvel is injured at 11:39 of 1st period (Left Knee)
Nick Drazenovic is injured at 17:10 of 1st period (Left Hip)
Patrick Bordeleau beats up Brandon Mashinter at 3:01 of 2nd period

Finance

Level 1 -- Attendance: 1580 (79.00%) -- Ticket Income $39,500
Level 2 -- Attendance: 810 (81.00%) -- Ticket Income $8,100
Total Attendance: 2390 (79.67%)
Total Ticket Income: $47,600
Other Income: $23,324
Total Income: $70,924

Checkers

5 vs 5 Forward 
   Center                   Left Wing                Right Wing               Time % Phy DF OF 
 1 Michael Bournival        Jason Chimera            Adam Cracknell           28     1   2  2  
 2 Jim O'Brien              Tomas Vincour            Sean Backman             27     1   2  2  
 3 Mark Zengerle            Brandon Mashinter        Andrew Gordon            25     1   2  2  
 4 Wacey Hamilton           Darian Dziurzynski       Willie Coetzee           20     1   2  2  

5 vs 5 Defense 
   Defense                  Defense                                           Time % Phy DF OF 
 1 Peter Harrold            Petteri Lindbohm                                  35     1   2  2  
 2 Aaron Ness               Blake Parlett                                     35     1   2  2  
 3 Julien Brouillette       Benjamin Dieude-Fauvel                            30     1   2  2  
 4 Peter Harrold            Petteri Lindbohm                                  0      1   2  2  

PowerPlay Forward 
   Center                   Left Wing                Right Wing               Time % Phy DF OF 
 1 Michael Bournival        Jason Chimera            Adam Cracknell           50     0   1  4  
 2 Jim O'Brien              Tomas Vincour            Sean Backman             50     0   1  4  

PowerPlay Defense
   Defense                  Defense                                           Time % Phy DF OF 
 1 Peter Harrold            Petteri Lindbohm                                  50     0   1  4  
 2 Aaron Ness               Blake Parlett                                     50     0   1  4  

Penalty Kill 4 Players Forward 
   Center                   Wing                     Time % Phy DF OF 
 1 Wacey Hamilton           Darian Dziurzynski       50     0   4  1  
 2 Mark Zengerle            Brandon Mashinter        50     0   4  1  

Penalty Kill 4 Players Defense
   Defense                  Defense                  Time % Phy DF OF 
 1 Julien Brouillette       Benjamin Dieude-Fauvel   50     0   4  1  
 2 Peter Harrold            Petteri Lindbohm         50     0   4  1  

Penalty Kill - 3 Players Forward 
   Forward                                           Time % Phy DF OF 
 1 Wacey Hamilton                                    50     1   4  0  
 2 Mark Zengerle                                     50     1   4  0  

Penalty Kill - 3 Players Defense
   Defense                  Defense                  Time % Phy DF OF 
 1 Benjamin Dieude-Fauvel   Julien Brouillette       50     1   4  0  
 2 Peter Harrold            Petteri Lindbohm         50     1   4  0  

4 vs 4 Forward 
   Center                   Wing                     Time % Phy DF OF 
 1 Michael Bournival        Jason Chimera            50     1   2  2  
 2 Jim O'Brien              Tomas Vincour            50     1   2  2  

4 vs 4 Defense
   Defense                  Defense                  Time % Phy DF OF 
 1 Peter Harrold            Petteri Lindbohm         50     1   2  2  
 2 Aaron Ness               Blake Parlett            50     1   2  2  

Last Minutes Offensive
   Center                   Left Wing                Right Wing               Defense                  Defense                  
   Michael Bournival        Jason Chimera            Adam Cracknell           Petteri Lindbohm         Peter Harrold            

Last Minutes Defensive
   Center                   Left Wing                Right Wing               Defense                  Defense                  
   Michael Bournival        Adam Cracknell           Andrew Gordon            Petteri Lindbohm         Peter Harrold            

Goaltenders
Starting : Drew MacIntyre           
Backup : John Muse                

Extra Forwards
Normal : Jason Chimera, Michael Bournival, Jim O'Brien - PP : Jason Chimera, Michael Bournival - PK : Wacey Hamilton
Extra Defensemen
Normal : Peter Harrold, Petteri Lindbohm, Aaron Ness - PP : Peter Harrold - PK : Peter Harrold, Petteri Lindbohm
Penalty Shots
Jim O'Brien, Andrew Gordon, Jason Chimera, Darian Dziurzynski, Tomas Vincour

Americans

5 vs 5 Forward 
   Center                   Left Wing                Right Wing               Time % Phy DF OF 
 1 Nick Cousins             Dany Heatley             Tim Jackman              35     1   2  2  
 2 Nick Drazenovic          Patrick Bordeleau        Spencer Abbott           30     1   2  2  
 3 Justin Hodgman           Nick Sorkin              Jerome Samson            22     1   2  2  
 4 Petri Kontiola           Ruslan Fedotenko         Nick Cousins             13     1   2  2  

5 vs 5 Defense 
   Defense                  Defense                                           Time % Phy DF OF 
 1 Grant Clitsome           Nate Schmidt                                      35     1   2  2  
 2 Chris Breen              Dylan DeMelo                                      30     1   2  2  
 3 Garrett Noonan           Jake Chelios                                      22     1   2  2  
 4 Grant Clitsome           Nate Schmidt                                      13     1   2  2  

PowerPlay Forward 
   Center                   Left Wing                Right Wing               Time % Phy DF OF 
 1 Nick Cousins             Dany Heatley             Tim Jackman              60     1   2  2  
 2 Nick Drazenovic          Patrick Bordeleau        Spencer Abbott           40     1   2  2  

PowerPlay Defense
   Defense                  Defense                                           Time % Phy DF OF 
 1 Grant Clitsome           Nate Schmidt                                      60     1   2  2  
 2 Chris Breen              Dylan DeMelo                                      40     1   2  2  

Penalty Kill 4 Players Forward 
   Center                   Wing                     Time % Phy DF OF 
 1 Nick Cousins             Tim Jackman              60     1   2  2  
 2 Dany Heatley             Patrick Bordeleau        40     1   2  2  

Penalty Kill 4 Players Defense
   Defense                  Defense                  Time % Phy DF OF 
 1 Grant Clitsome           Nate Schmidt             60     1   2  2  
 2 Chris Breen              Dylan DeMelo             40     1   2  2  

Penalty Kill - 3 Players Forward 
   Forward                                           Time % Phy DF OF 
 1 Nick Cousins                                      60     1   2  2  
 2 Tim Jackman                                       40     1   2  2  

Penalty Kill - 3 Players Defense
   Defense                  Defense                  Time % Phy DF OF 
 1 Grant Clitsome           Nate Schmidt             60     1   2  2  
 2 Chris Breen              Dylan DeMelo             40     1   2  2  

4 vs 4 Forward 
   Center                   Wing                     Time % Phy DF OF 
 1 Nick Cousins             Tim Jackman              60     1   2  2  
 2 Dany Heatley             Patrick Bordeleau        40     1   2  2  

4 vs 4 Defense
   Defense                  Defense                  Time % Phy DF OF 
 1 Grant Clitsome           Nate Schmidt             60     1   2  2  
 2 Chris Breen              Dylan DeMelo             40     1   2  2  

Last Minutes Offensive
   Center                   Left Wing                Right Wing               Defense                  Defense                  
   Nick Cousins             Dany Heatley             Tim Jackman              Grant Clitsome           Nate Schmidt             

Last Minutes Defensive
   Center                   Left Wing                Right Wing               Defense                  Defense                  
   Nick Cousins             Dany Heatley             Tim Jackman              Grant Clitsome           Nate Schmidt             

Goaltenders
Starting : Jason LaBarbera          
Backup : Petr Mrazek              

Extra Forwards
Normal : Trevor Gillies, Jerome Samson, Justin Hodgman - PP : Trevor Gillies, Jerome Samson - PK : Justin Hodgman
Extra Defensemen
Normal : Garrett Noonan, Jake Chelios, Chris Breen - PP : Garrett Noonan - PK : Jake Chelios, Chris Breen
Penalty Shots
Nick Cousins, Tim Jackman, Dany Heatley, Patrick Bordeleau, Nick Drazenovic

% Time on Ice - Checkers

Lines # - Real PCT - Wanted PCT - Time Play
Normal Forward
1 - 28% - 28% - 14:27
2 - 27% - 27% - 14:13
3 - 25% - 25% - 12:49
4 - 20% - 20% - 10:35
Normal Defense
1 - 23% - 35% - 12:06
2 - 28% - 35% - 14:29
3 - 49% - 30% - 25:29
4 - 0% - 0% - 0:00
PP Forward
1 - 0% - 50%
2 - 0% - 50%
PP Defense
1 - 0% - 50%
2 - 0% - 50%
PK Forward
1 - 50% - 50% - 3:59
2 - 50% - 50% - 3:57
PK Defense
1 - 70% - 50% - 5:31
2 - 30% - 50% - 2:25
PK3 Forward
1 - 0% - 50%
2 - 0% - 50%
PK3 Defense
1 - 0% - 50%
2 - 0% - 50%
44 Forward
1 - 52% - 50% - 2:36
2 - 48% - 50% - 2:24
44 Defense
1 - 51% - 50% - 2:34
2 - 49% - 50% - 2:26
Last Minute Offensive  - 0:00
Last Minute Defensive  - 0:00
Total
Forward - 65:00
Defense - 65:00

% Time on Ice - Americans

Lines # - Real PCT - Wanted PCT - Time Play
Normal Forward
1 - 27% - 35% - 14:14
2 - 33% - 30% - 17:07
3 - 23% - 22% - 12:11
4 - 16% - 13% - 8:32
Normal Defense
1 - 32% - 35% - 16:38
2 - 31% - 30% - 16:16
3 - 30% - 22% - 15:40
4 - 7% - 13% - 3:30
PP Forward
1 - 52% - 60% - 4:09
2 - 48% - 40% - 3:47
PP Defense
1 - 51% - 60% - 4:04
2 - 49% - 40% - 3:52
PK Forward
1 - 0% - 60%
2 - 0% - 40%
PK Defense
1 - 0% - 60%
2 - 0% - 40%
PK3 Forward
1 - 0% - 60%
2 - 0% - 40%
PK3 Defense
1 - 0% - 60%
2 - 0% - 40%
44 Forward
1 - 87% - 60% - 4:20
2 - 13% - 40% - 0:40
44 Defense
1 - 59% - 60% - 2:57
2 - 41% - 40% - 2:03
Last Minute Offensive  - 0:00
Last Minute Defensive  - 0:00
Total
Forward - 65:00
Defense - 65:00

Play by Play

1st period


0:01 of 1st period - Dany Heatley wins face-off versus Michael Bournival in neutral zone.
0:16 of 1st period - Snap shot by Tim Jackman.
0:16 of 1st period - Stopped by Drew MacIntyre with a rebound.
0:18 of 1st period - Wrist shot by Tim Jackman.
0:18 of 1st period - Stopped by Drew MacIntyre without a rebound.
0:19 of 1st period - Nick Cousins wins face-off versus Michael Bournival in Checkers zone.
0:32 of 1st period - Slapshot by Tim Jackman.
0:32 of 1st period - Shot Blocked by Peter Harrold.
0:34 of 1st period - Slapshot by Nate Schmidt.
0:34 of 1st period - Shot Misses the Net.
0:36 of 1st period - Slapshot by Dany Heatley.
0:36 of 1st period - Stopped by Drew MacIntyre with a rebound.
0:38 of 1st period - Slapshot by Nate Schmidt.
0:38 of 1st period - Stopped by Drew MacIntyre with a rebound.
0:42 of 1st period - Wrist shot by Tim Jackman.
0:42 of 1st period - Stopped by Drew MacIntyre without a rebound.
0:43 of 1st period - Jim O'Brien wins face-off versus Nick Drazenovic in Checkers zone.
0:56 of 1st period - Snap shot by Patrick Bordeleau.
0:56 of 1st period - Shot Blocked by Blake Parlett.
1:37 of 1st period - Andrew Gordon is hit by Jerome Samson and loses puck.
2:20 of 1st period - Ruslan Fedotenko is hit by Darian Dziurzynski.
2:52 of 1st period - Grant Clitsome is hit by Darian Dziurzynski and loses puck.
3:03 of 1st period - Snap shot by Adam Cracknell.
3:03 of 1st period - Shot Misses the Net.
3:05 of 1st period - Snap shot by Michael Bournival.
3:05 of 1st period - Shot Blocked by Nate Schmidt.
3:07 of 1st period - Wrist shot by Michael Bournival.
3:07 of 1st period - Stopped by Jason LaBarbera with a rebound.
3:33 of 1st period - Michael Bournival is hit by Nick Drazenovic and loses puck.
4:22 of 1st period - Jim O'Brien is hit by Justin Hodgman and loses puck.
4:58 of 1st period - Garrett Noonan is hit by Jim O'Brien and loses puck.
5:25 of 1st period - Grant Clitsome is hit by Blake Parlett.
6:06 of 1st period - Snap shot by Nick Sorkin.
6:06 of 1st period - Deflect By Willie Coetzee.
6:06 of 1st period - Shot Misses the Net.
6:06 of 1st period - Puck is out of play.
6:07 of 1st period - Justin Hodgman wins face-off versus Wacey Hamilton in Checkers zone.
6:13 of 1st period - Minor Penalty to Willie Coetzee for Holding.
6:14 of 1st period - Nick Cousins wins face-off versus Mark Zengerle in Checkers zone.
6:24 of 1st period - Snap shot by Tim Jackman.
6:24 of 1st period - Stopped by Drew MacIntyre with a rebound.
6:26 of 1st period - Slapshot by Dany Heatley.
6:26 of 1st period - Deflect By Tim Jackman.
6:26 of 1st period - Shot Blocked by Petteri Lindbohm.
6:26 of 1st period - Puck is out of play.
6:27 of 1st period - Nick Cousins wins face-off versus Mark Zengerle in Checkers zone.
6:57 of 1st period - Darian Dziurzynski is hit by Patrick Bordeleau.
8:09 of 1st period - Slapshot by Nate Schmidt.
8:09 of 1st period - Stopped by Drew MacIntyre with a rebound.
8:11 of 1st period - Snap shot by Dany Heatley.
8:11 of 1st period - Stopped by Drew MacIntyre without a rebound.
8:12 of 1st period - Trevor Gillies wins face-off versus Wacey Hamilton in Checkers zone.
8:13 of 1st period - Penalty to Willie Coetzee is over, Willie Coetzee is back on ice.
8:41 of 1st period - Petteri Lindbohm is hit by Justin Hodgman and loses puck.
9:02 of 1st period - Snap shot by Jerome Samson.
9:02 of 1st period - Stopped by Drew MacIntyre with a rebound.
9:10 of 1st period - Jake Chelios is hit by Jim O'Brien and loses puck.
9:25 of 1st period - Chris Breen is hit by Petteri Lindbohm and loses puck.
9:36 of 1st period - Dylan DeMelo is hit by Adam Cracknell and loses puck.
9:45 of 1st period - Minor Penalty to Petteri Lindbohm for Hooking.
9:46 of 1st period - Nick Drazenovic wins face-off versus Wacey Hamilton in Checkers zone.
10:17 of 1st period - Snap shot by Patrick Bordeleau.
10:17 of 1st period - Shot Misses the Net.
10:49 of 1st period - Nate Schmidt is hit by Darian Dziurzynski and loses puck.
10:58 of 1st period - Snap shot by Grant Clitsome.
10:58 of 1st period - Shot Misses the Net.
11:00 of 1st period - Slapshot by Nate Schmidt.
11:00 of 1st period - Deflect By Patrick Bordeleau.
11:00 of 1st period - Stopped by Drew MacIntyre with a rebound.
11:02 of 1st period - Snap shot by Grant Clitsome.
11:02 of 1st period - Shot Blocked by Benjamin Dieude-Fauvel.
11:38 of 1st period - Benjamin Dieude-Fauvel is hit by Patrick Bordeleau and loses puck.
11:39 of 1st period - Benjamin Dieude-Fauvel from Checkers is injured at 11:39 of 1st period (Left Knee).
11:40 of 1st period - Nick Cousins wins face-off versus Wacey Hamilton in Checkers zone.
11:45 of 1st period - Penalty to Petteri Lindbohm is over, Petteri Lindbohm is back on ice.
12:36 of 1st period - Dylan DeMelo is hit by Brandon Mashinter and loses puck.
12:43 of 1st period - Slapshot by Andrew Gordon.
12:43 of 1st period - Shot Misses the Net.
12:45 of 1st period - Wrist shot by Andrew Gordon.
12:45 of 1st period - Shot Misses the Net.
13:19 of 1st period - Jerome Samson is hit by Julien Brouillette.
13:29 of 1st period - Snap shot by Jim O'Brien.
13:29 of 1st period - Shot Blocked by Chris Breen.
13:31 of 1st period - Snap shot by Jim O'Brien.
13:31 of 1st period - Deflect By Sean Backman.
13:31 of 1st period - Stopped by Jason LaBarbera without a rebound.
13:32 of 1st period - Petri Kontiola wins face-off versus Michael Bournival in Americans zone.
13:32 of 1st period - Petri Kontiola is hit by Jason Chimera.
13:42 of 1st period - Jake Chelios is hit by Julien Brouillette and loses puck.
14:03 of 1st period - Peter Harrold is hit by Nick Cousins and loses puck.
14:29 of 1st period - Jason Chimera is hit by Jerome Samson and loses puck.
15:17 of 1st period - Icing by Patrick Bordeleau.
15:18 of 1st period - Mark Zengerle wins face-off versus Spencer Abbott in Americans zone.
15:21 of 1st period - Snap shot by Andrew Gordon.
15:21 of 1st period - Shot Misses the Net.
15:51 of 1st period - Wrist shot by Nick Cousins.
15:51 of 1st period - Stopped by Drew MacIntyre with a rebound.
15:53 of 1st period - Wrist shot by Nick Cousins.
15:53 of 1st period - Deflect By Dany Heatley.
15:53 of 1st period - Stopped by Drew MacIntyre with a rebound.
15:55 of 1st period - Wrist shot by Dany Heatley.
15:55 of 1st period - Stopped by Drew MacIntyre without a rebound.
15:56 of 1st period - Wacey Hamilton wins face-off versus Justin Hodgman in Checkers zone.
16:51 of 1st period - Tim Jackman is hit by Julien Brouillette and loses puck.
17:08 of 1st period - Slapshot by Tomas Vincour.
17:08 of 1st period - Deflect By Grant Clitsome.
17:08 of 1st period - Shot Misses the Net.
17:08 of 1st period - Puck is out of play.
17:09 of 1st period - Nick Drazenovic wins face-off versus Mark Zengerle in Americans zone.
17:09 of 1st period - Nick Drazenovic is hit by Brandon Mashinter.
17:10 of 1st period - Nick Drazenovic from Americans is injured at 17:10 of 1st period (Left Hip).
17:11 of 1st period - Nick Cousins wins face-off versus Mark Zengerle in Americans zone.
17:26 of 1st period - Backhand shot by Nick Cousins.
17:26 of 1st period - Shot Misses the Net.
17:28 of 1st period - Slapshot by Grant Clitsome.
17:28 of 1st period - Goal by Grant Clitsome - Checkers : 0 - Americans : 1.
17:29 of 1st period - Mark Zengerle wins face-off versus Nick Cousins in neutral zone.
17:49 of 1st period - Slapshot by Peter Harrold.
17:49 of 1st period - Stopped by Jason LaBarbera without a rebound.
17:50 of 1st period - Jim O'Brien wins face-off versus Trevor Gillies in Americans zone.
17:59 of 1st period - Slapshot by Peter Harrold.
17:59 of 1st period - Shot Misses the Net.
18:07 of 1st period - Wrist shot by Sean Backman.
18:07 of 1st period - Shot Misses the Net.
18:59 of 1st period - Darian Dziurzynski is hit by Tim Jackman and loses puck.
19:50 of 1st period - Snap shot by Andrew Gordon.
19:50 of 1st period - Deflect By Mark Zengerle.
19:50 of 1st period - Stopped by Jason LaBarbera without a rebound.
19:51 of 1st period - Trevor Gillies wins face-off versus Michael Bournival in Americans zone.
Goals for this period are 0 for Checkers vs 1 for Americans.
Shots for this period are 4 for Checkers vs 14 for Americans.

2nd period


0:01 of 2nd period - Nick Cousins wins face-off versus Mark Zengerle in neutral zone.
0:30 of 2nd period - Slapshot by Andrew Gordon.
0:30 of 2nd period - Deflect By Mark Zengerle.
0:30 of 2nd period - Stopped by Jason LaBarbera with a rebound.
0:32 of 2nd period - Snap shot by Andrew Gordon.
0:32 of 2nd period - Shot Blocked by Nick Cousins.
0:36 of 2nd period - Slapshot by Brandon Mashinter.
0:36 of 2nd period - Stopped by Jason LaBarbera with a rebound.
0:52 of 2nd period - Wrist shot by Jim O'Brien.
0:52 of 2nd period - Shot Blocked by Dany Heatley.
1:23 of 2nd period - Icing by Tim Jackman.
1:24 of 2nd period - Tim Jackman wins face-off versus Michael Bournival in Americans zone.
1:51 of 2nd period - Snap shot by Jason Chimera.
1:51 of 2nd period - Shot Blocked by Patrick Bordeleau.
1:59 of 2nd period - Snap shot by Michael Bournival.
1:59 of 2nd period - Shot Misses the Net.
2:01 of 2nd period - Slapshot by Peter Harrold.
2:01 of 2nd period - Shot Misses the Net.
2:19 of 2nd period - Snap shot by Willie Coetzee.
2:19 of 2nd period - Shot Misses the Net.
2:21 of 2nd period - Wrist shot by Wacey Hamilton.
2:21 of 2nd period - Shot Blocked by Jerome Samson.
2:23 of 2nd period - Wrist shot by Blake Parlett.
2:23 of 2nd period - Shot Misses the Net.
2:25 of 2nd period - Snap shot by Darian Dziurzynski.
2:25 of 2nd period - Shot Blocked by Dylan DeMelo.
2:54 of 2nd period - Wrist shot by Andrew Gordon.
2:54 of 2nd period - Stopped by Jason LaBarbera with a rebound.
2:56 of 2nd period - Slapshot by Peter Harrold.
2:56 of 2nd period - Stopped by Jason LaBarbera with a rebound.
2:58 of 2nd period - Wrist shot by Mark Zengerle.
2:58 of 2nd period - Deflect By Brandon Mashinter.
2:58 of 2nd period - Stopped by Jason LaBarbera without a rebound.
2:59 of 2nd period - Trevor Gillies wins face-off versus Mark Zengerle in Americans zone.
3:01 of 2nd period - Patrick Bordeleau beats up Brandon Mashinter.
3:01 of 2nd period - Penalty to Patrick Bordeleau for Fighting.
3:01 of 2nd period - Penalty to Brandon Mashinter for Fighting.
3:02 of 2nd period - Jim O'Brien wins face-off versus Trevor Gillies in Americans zone.
4:12 of 2nd period - Snap shot by Michael Bournival.
4:12 of 2nd period - Stopped by Jason LaBarbera with a rebound.
4:14 of 2nd period - Wrist shot by Jason Chimera.
4:14 of 2nd period - Goal by Jason Chimera - Checkers : 1 - Americans : 1.
4:15 of 2nd period - Jerome Samson wins face-off versus Mark Zengerle in neutral zone.
4:55 of 2nd period - Wrist shot by Nick Cousins.
4:55 of 2nd period - Stopped by Drew MacIntyre with a rebound.
5:07 of 2nd period - Slapshot by Tim Jackman.
5:07 of 2nd period - Stopped by Drew MacIntyre without a rebound.
5:08 of 2nd period - Nick Cousins wins face-off versus Darian Dziurzynski in Checkers zone.
5:13 of 2nd period - Slapshot by Nick Cousins.
5:13 of 2nd period - Shot Blocked by Aaron Ness.
5:15 of 2nd period - Snap shot by Dylan DeMelo.
5:15 of 2nd period - Stopped by Drew MacIntyre without a rebound.
5:16 of 2nd period - Trevor Gillies wins face-off versus Wacey Hamilton in Checkers zone.
5:57 of 2nd period - Snap shot by Tim Jackman.
5:57 of 2nd period - Shot Misses the Net.
5:59 of 2nd period - Snap shot by Dany Heatley.
5:59 of 2nd period - Shot Blocked by Wacey Hamilton.
6:01 of 2nd period - Backhand shot by Nick Cousins.
6:01 of 2nd period - Shot Blocked by Blake Parlett.
6:03 of 2nd period - Wrist shot by Tim Jackman.
6:03 of 2nd period - Stopped by Drew MacIntyre without a rebound.
6:04 of 2nd period - Jim O'Brien wins face-off versus Spencer Abbott in Checkers zone.
6:08 of 2nd period - Off-side.
6:09 of 2nd period - Jim O'Brien wins face-off versus Trevor Gillies in neutral zone.
6:12 of 2nd period - Slapshot by Peter Harrold.
6:12 of 2nd period - Stopped by Jason LaBarbera without a rebound.
6:13 of 2nd period - Trevor Gillies wins face-off versus Jim O'Brien in Americans zone.
7:16 of 2nd period - Icing by Peter Harrold.
7:17 of 2nd period - Jason Chimera wins face-off versus Trevor Gillies in Checkers zone.
7:27 of 2nd period - Petteri Lindbohm is hit by Trevor Gillies and loses puck.
7:53 of 2nd period - Slapshot by Andrew Gordon.
7:53 of 2nd period - Stopped by Jason LaBarbera with a rebound.
7:59 of 2nd period - Wrist shot by Andrew Gordon.
7:59 of 2nd period - Shot Misses the Net.
8:14 of 2nd period - Snap shot by Andrew Gordon.
8:14 of 2nd period - Shot Blocked by Garrett Noonan.
8:29 of 2nd period - Slapshot by Julien Brouillette.
8:29 of 2nd period - Shot Misses the Net.
8:31 of 2nd period - Wrist shot by Wacey Hamilton.
8:31 of 2nd period - Stopped by Jason LaBarbera with a rebound.
8:33 of 2nd period - Slapshot by Blake Parlett.
8:33 of 2nd period - Stopped by Jason LaBarbera with a rebound.
8:35 of 2nd period - Slapshot by Willie Coetzee.
8:35 of 2nd period - Shot Misses the Net.
8:41 of 2nd period - Slapshot by Wacey Hamilton.
8:41 of 2nd period - Stopped by Jason LaBarbera with a rebound.
8:49 of 2nd period - Snap shot by Wacey Hamilton.
8:49 of 2nd period - Shot Misses the Net.
8:51 of 2nd period - Slapshot by Blake Parlett.
8:51 of 2nd period - Stopped by Jason LaBarbera with a rebound.
8:53 of 2nd period - Slapshot by Willie Coetzee.
8:53 of 2nd period - Shot Blocked by Jake Chelios.
8:55 of 2nd period - Snap shot by Willie Coetzee.
8:55 of 2nd period - Shot Misses the Net.
10:13 of 2nd period - Jason Chimera is hit by Nick Sorkin and loses puck.
10:18 of 2nd period - Snap shot by Nick Sorkin.
10:18 of 2nd period - Shot Misses the Net.
10:20 of 2nd period - Slapshot by Chris Breen.
10:20 of 2nd period - Stopped by Drew MacIntyre with a rebound.
10:22 of 2nd period - Slapshot by Chris Breen.
10:22 of 2nd period - Deflect By Adam Cracknell.
10:22 of 2nd period - Stopped by Drew MacIntyre with a rebound.
12:04 of 2nd period - Slapshot by Grant Clitsome.
12:04 of 2nd period - Deflect By Patrick Bordeleau.
12:04 of 2nd period - Stopped by Drew MacIntyre with a rebound.
12:48 of 2nd period - Jerome Samson is hit by Andrew Gordon and loses puck.
12:55 of 2nd period - Slapshot by Andrew Gordon.
12:55 of 2nd period - Shot Misses the Net.
13:35 of 2nd period - Nick Cousins is hit by Tomas Vincour and loses puck.
13:46 of 2nd period - Snap shot by Nick Cousins.
13:46 of 2nd period - Stopped by Drew MacIntyre with a rebound.
14:04 of 2nd period - Aaron Ness is hit by Dany Heatley and loses puck.
14:42 of 2nd period - Slapshot by Andrew Gordon.
14:42 of 2nd period - Shot Misses the Net.
15:39 of 2nd period - Snap shot by Brandon Mashinter.
15:39 of 2nd period - Stopped by Jason LaBarbera without a rebound.
15:40 of 2nd period - Petri Kontiola wins face-off versus Mark Zengerle in Americans zone.
16:04 of 2nd period - Grant Clitsome is hit by Sean Backman and loses puck.
16:23 of 2nd period - Slapshot by Petteri Lindbohm.
16:23 of 2nd period - Shot Misses the Net.
16:25 of 2nd period - Wrist shot by Darian Dziurzynski.
16:25 of 2nd period - Stopped by Jason LaBarbera without a rebound.
16:26 of 2nd period - Wacey Hamilton wins face-off versus Tim Jackman in Americans zone.
17:28 of 2nd period - Snap shot by Tim Jackman.
17:28 of 2nd period - Stopped by Drew MacIntyre with a rebound.
17:30 of 2nd period - Slapshot by Nate Schmidt.
17:30 of 2nd period - Stopped by Drew MacIntyre with a rebound.
17:52 of 2nd period - Chris Breen is hit by Adam Cracknell and loses puck.
18:19 of 2nd period - Aaron Ness is hit by Ruslan Fedotenko and loses puck.
19:57 of 2nd period - Peter Harrold is hit by Jake Chelios.
Goals for this period are 1 for Checkers vs 0 for Americans.
Shots for this period are 15 for Checkers vs 10 for Americans.

3rd period


0:01 of 3rd period - Nick Cousins wins face-off versus Michael Bournival in neutral zone.
0:08 of 3rd period - Slapshot by Tim Jackman.
0:08 of 3rd period - Deflect By Dany Heatley.
0:08 of 3rd period - Shot Misses the Net.
0:08 of 3rd period - Puck is out of play.
0:09 of 3rd period - Nick Cousins wins face-off versus Michael Bournival in Checkers zone.
0:22 of 3rd period - Snap shot by Nick Cousins.
0:22 of 3rd period - Stopped by Drew MacIntyre without a rebound.
0:23 of 3rd period - Justin Hodgman wins face-off versus Jim O'Brien in Checkers zone.
1:06 of 3rd period - Minor Penalty to Jim O'Brien for Roughing.
1:07 of 3rd period - Mark Zengerle wins face-off versus Nick Cousins in Checkers zone.
2:09 of 3rd period - Wrist shot by Spencer Abbott.
2:09 of 3rd period - Shot Misses the Net.
2:11 of 3rd period - Slapshot by Chris Breen.
2:11 of 3rd period - Shot Blocked by Julien Brouillette.
2:29 of 3rd period - Dylan DeMelo is hit by Petteri Lindbohm.
2:49 of 3rd period - Snap shot by Nick Cousins.
2:49 of 3rd period - Shot Blocked by Julien Brouillette.
3:06 of 3rd period - Penalty to Jim O'Brien is over, Jim O'Brien is back on ice.
3:13 of 3rd period - Petteri Lindbohm is hit by Chris Breen and loses puck.
3:34 of 3rd period - Slapshot by Nick Sorkin.
3:34 of 3rd period - Stopped by Drew MacIntyre with a rebound.
6:19 of 3rd period - Mark Zengerle is hit by Patrick Bordeleau and loses puck.
6:24 of 3rd period - Snap shot by Patrick Bordeleau.
6:24 of 3rd period - Shot Misses the Net.
6:26 of 3rd period - Slapshot by Dylan DeMelo.
6:26 of 3rd period - Stopped by Drew MacIntyre with a rebound.
7:26 of 3rd period - Minor Penalty to Peter Harrold for Hooking.
7:27 of 3rd period - Nick Cousins wins face-off versus Mark Zengerle in Checkers zone.
7:59 of 3rd period - Wacey Hamilton is hit by Trevor Gillies and loses puck.
8:42 of 3rd period - Off-side.
8:43 of 3rd period - Wacey Hamilton wins face-off versus Jerome Samson in neutral zone.
9:00 of 3rd period - Wrist shot by Mark Zengerle.
9:00 of 3rd period - Shot Blocked by Patrick Bordeleau.
9:02 of 3rd period - Backhand shot by Blake Parlett.
9:02 of 3rd period - Shot Misses the Net.
9:04 of 3rd period - Snap shot by Mark Zengerle.
9:04 of 3rd period - Stopped by Jason LaBarbera without a rebound.
9:05 of 3rd period - Mark Zengerle wins face-off versus Nick Cousins in Americans zone.
9:09 of 3rd period - Icing by Grant Clitsome.
9:10 of 3rd period - Dany Heatley wins face-off versus Mark Zengerle in Americans zone.
9:26 of 3rd period - Penalty to Peter Harrold is over, Peter Harrold is back on ice.
9:42 of 3rd period - Jake Chelios is hit by Darian Dziurzynski and loses puck.
9:51 of 3rd period - Wrist shot by Jerome Samson.
9:51 of 3rd period - Shot Misses the Net.
11:02 of 3rd period - Wrist shot by Jim O'Brien.
11:02 of 3rd period - Shot Misses the Net.
11:04 of 3rd period - Wrist shot by Peter Harrold.
11:04 of 3rd period - Shot Blocked by Chris Breen.
11:11 of 3rd period - Slapshot by Peter Harrold.
11:11 of 3rd period - Stopped by Jason LaBarbera with a rebound.
11:13 of 3rd period - Slapshot by Petteri Lindbohm.
11:13 of 3rd period - Shot Blocked by Chris Breen.
11:15 of 3rd period - Slapshot by Tomas Vincour.
11:15 of 3rd period - Shot Blocked by Chris Breen.
11:17 of 3rd period - Slapshot by Petteri Lindbohm.
11:17 of 3rd period - Shot Blocked by Chris Breen.
11:23 of 3rd period - Wrist shot by Jim O'Brien.
11:23 of 3rd period - Stopped by Jason LaBarbera with a rebound.
11:25 of 3rd period - Snap shot by Jim O'Brien.
11:25 of 3rd period - Shot Hit the Post.
11:27 of 3rd period - Slapshot by Jim O'Brien.
11:27 of 3rd period - Stopped by Jason LaBarbera with a rebound.
11:39 of 3rd period - Wrist shot by Brandon Mashinter.
11:39 of 3rd period - Shot Hit the Post.
11:44 of 3rd period - Icing by Nick Sorkin.
11:45 of 3rd period - Jerome Samson wins face-off versus Mark Zengerle in Americans zone.
11:58 of 3rd period - Trevor Gillies is hit by Andrew Gordon and loses puck.
13:12 of 3rd period - Ruslan Fedotenko is hit by Jim O'Brien and loses puck.
13:21 of 3rd period - Snap shot by Sean Backman.
13:21 of 3rd period - Shot Misses the Net.
13:35 of 3rd period - Snap shot by Jason Chimera.
13:35 of 3rd period - Shot Blocked by Ruslan Fedotenko.
13:37 of 3rd period - Snap shot by Michael Bournival.
13:37 of 3rd period - Shot Blocked by Jake Chelios.
13:39 of 3rd period - Slapshot by Adam Cracknell.
13:39 of 3rd period - Shot Blocked by Garrett Noonan.
13:41 of 3rd period - Slapshot by Peter Harrold.
13:41 of 3rd period - Shot Misses the Net.
14:40 of 3rd period - Brandon Mashinter is hit by Tim Jackman and loses puck.
15:32 of 3rd period - Icing by Patrick Bordeleau.
15:33 of 3rd period - Petri Kontiola wins face-off versus Sean Backman in Americans zone.
15:33 of 3rd period - Petri Kontiola is hit by Tomas Vincour.
15:55 of 3rd period - Snap shot by Sean Backman.
15:55 of 3rd period - Stopped by Jason LaBarbera with a rebound.
15:57 of 3rd period - Wrist shot by Jim O'Brien.
15:57 of 3rd period - Shot Misses the Net.
15:59 of 3rd period - Slapshot by Adam Cracknell.
15:59 of 3rd period - Stopped by Jason LaBarbera with a rebound.
16:01 of 3rd period - Slapshot by Aaron Ness.
16:01 of 3rd period - Shot Misses the Net.
16:03 of 3rd period - Snap shot by Sean Backman.
16:03 of 3rd period - Stopped by Jason LaBarbera without a rebound.
16:04 of 3rd period - Michael Bournival wins face-off versus Justin Hodgman in Americans zone.
16:29 of 3rd period - Wrist shot by Michael Bournival.
16:29 of 3rd period - Deflect By Jason Chimera.
16:29 of 3rd period - Stopped by Jason LaBarbera with a rebound.
16:31 of 3rd period - Snap shot by Jim O'Brien.
16:31 of 3rd period - Stopped by Jason LaBarbera with a rebound.
16:33 of 3rd period - Slapshot by Jason Chimera.
16:33 of 3rd period - Shot Misses the Net.
17:29 of 3rd period - Slapshot by Darian Dziurzynski.
17:29 of 3rd period - Shot Misses the Net.
17:31 of 3rd period - Snap shot by Darian Dziurzynski.
17:31 of 3rd period - Stopped by Jason LaBarbera without a rebound.
17:32 of 3rd period - Wacey Hamilton wins face-off versus Nick Cousins in Americans zone.
17:35 of 3rd period - Slapshot by Petteri Lindbohm.
17:35 of 3rd period - Deflect By Willie Coetzee.
17:35 of 3rd period - Shot Misses the Net.
17:35 of 3rd period - Puck is out of play.
17:36 of 3rd period - Nick Cousins wins face-off versus Michael Bournival in Americans zone.
17:55 of 3rd period - Wrist shot by Tim Jackman.
17:55 of 3rd period - Shot Misses the Net.
18:01 of 3rd period - Tim Jackman is hit by Petteri Lindbohm and loses puck.
18:12 of 3rd period - Snap shot by Michael Bournival.
18:12 of 3rd period - Stopped by Jason LaBarbera with a rebound.
18:46 of 3rd period - Grant Clitsome is hit by Blake Parlett and loses puck.
19:31 of 3rd period - Petri Kontiola is hit by Andrew Gordon and loses puck.
Goals for this period are 0 for Checkers vs 0 for Americans.
Shots for this period are 11 for Checkers vs 3 for Americans.

Overtime #1


0:01 of 1st overtime period - Nick Cousins wins face-off versus Michael Bournival in neutral zone.
0:04 of 1st overtime period - Snap shot by Tim Jackman.
0:04 of 1st overtime period - Stopped by Drew MacIntyre with a rebound.
0:58 of 1st overtime period - Dylan DeMelo is hit by Jim O'Brien and loses puck.
1:29 of 1st overtime period - Off-side.
1:30 of 1st overtime period - Trevor Gillies wins face-off versus Michael Bournival in neutral zone.
1:35 of 1st overtime period - Snap shot by Grant Clitsome.
1:35 of 1st overtime period - Stopped by Drew MacIntyre without a rebound.
1:36 of 1st overtime period - Trevor Gillies wins face-off versus Michael Bournival in Checkers zone.
1:56 of 1st overtime period - Dylan DeMelo is hit by Aaron Ness and loses puck.
2:03 of 1st overtime period - Slapshot by Aaron Ness.
2:03 of 1st overtime period - Stopped by Jason LaBarbera with a rebound.
2:05 of 1st overtime period - Snap shot by Blake Parlett.
2:05 of 1st overtime period - Shot Misses the Net.
2:07 of 1st overtime period - Slapshot by Tomas Vincour.
2:07 of 1st overtime period - Stopped by Jason LaBarbera without a rebound.
2:08 of 1st overtime period - Nick Cousins wins face-off versus Tomas Vincour in Americans zone.
2:37 of 1st overtime period - Nate Schmidt is hit by Aaron Ness and loses puck.
2:50 of 1st overtime period - Jason Chimera is hit by Trevor Gillies and loses puck.
3:49 of 1st overtime period - Chris Breen is hit by Blake Parlett and loses puck.
4:06 of 1st overtime period - Jim O'Brien is hit by Dany Heatley and loses puck.
Goals for this period are 0 for Checkers vs 0 for Americans.
Shots for this period are 2 for Checkers vs 2 for Americans.

ShootOut


5:00 of 1st overtime period - Penalty Shot by Jim O'Brien for Checkers.
5:00 of 1st overtime period - Backhand shot by Jim O'Brien.
5:00 of 1st overtime period - Stopped by Jason LaBarbera.
5:00 of 1st overtime period - Penalty Shot by Nick Cousins for Americans.
5:00 of 1st overtime period - Backhand shot by Nick Cousins.
5:00 of 1st overtime period - Goal by Nick Cousins.
5:00 of 1st overtime period - Penalty Shot by Andrew Gordon for Checkers.
5:00 of 1st overtime period - Wrist shot by Andrew Gordon.
5:00 of 1st overtime period - Stopped by Jason LaBarbera.
5:00 of 1st overtime period - Penalty Shot by Tim Jackman for Americans.
5:00 of 1st overtime period - Deke by Tim Jackman.
5:00 of 1st overtime period - Stopped by Drew MacIntyre.
5:00 of 1st overtime period - Penalty Shot by Jason Chimera for Checkers.
5:00 of 1st overtime period - Backhand shot by Jason Chimera.
5:00 of 1st overtime period - Stopped by Jason LaBarbera.